[Event "Sunday 14 January Rapid Engine Tour 12+1 Rounds 9 Starts 1600 ST"]
[Site "Infinity Chess"]
[Date "2018.1.14"]
[Round "9"]
[White "OlivierEvan"]
[Black "hafaba"]
[Result "1-0"]
[ECO "A40"]
[WhiteElo "2374"]
[BlackElo "2397"]
[WhiteEngine "Houdini 6"]
[BlackEngine "Stockfish SL 07012018 POPCNT_CTG"]
[EventType "Swiss"]
[WhiteTeam ""]
[BlackTeam ""]
[PlyCount "203"]
[TimeControl "720+1"]

1. d4 c6 2. e4 d5 3. e5 c5 4. dxc5 e6 5. Be3 Nd7 6. Nc3 Nxe5 7. Nf3 Nc6 
8. Rb1 Be7 9. b4 Nf6 10. Be2 O-O 11. O-O Qc7 12. Nb5 Qb8 13. Nd6 Bxd6 
14. cxd6 b6 15. b5 Nd8 16. Bf4 Ne4 17. c4 Nc3 18. Qe1 Nxe2+ 19. Qxe2 f6 
20. cxd5 e5 21. Bd2 Nf7 22. Bb4 Nxd6 23. Rfc1 Rd8 24. Rc6 Bb7 25. Ne1 Bxc6 
26. bxc6 Qc7 27. Rd1 Nc8 28. Qa6 Nd6 29. Nc2 g6 30. h3 Rac8 31. Ne3 h5 
32. a4 Nf5 33. Nxf5 gxf5 34. Qc4 Qf7 35. Rd2 Kg7 36. Qb5 Qc7 37. Ba3 Kg6 
38. d6 Qxc6 39. d7 Rc7 40. Qxc6 Rxc6 41. Be7 Rh8 42. d8=Q Rxd8 43. Rxd8 Rc7 
44. Ba3 Rc3 45. Bf8 Kf7 46. Bd6 Rc1+ 47. Kh2 Ra1 48. Bb8 Rxa4 49. Rd7+ Ke6 
50. Rb7 Ra2 51. Bxa7 b5 52. f3 f4 53. Bb8 Rb2 54. Rb6+ Kf7 55. Bd6 Rb1 
56. Bc7 Ke7 57. h4 Kd7 58. Bd6 Ke6 59. Bf8+ Kf7 60. Bh6 Ra1 61. Rb7+ Ke6 
62. Bg7 Ra6 63. Rxb5 Kf5 64. Bf8 Kg6 65. Rb7 Kf5 66. Rh7 Kg6 67. Rd7 Ra8 
68. Be7 Re8 69. Rc7 Kf7 70. Bc5+ Kg6 71. Rc6 Kf5 72. Rd6 Rg8 73. Bb6 Re8 
74. Bd8 Rf8 75. Kg1 Kg6 76. Kf2 Kg7 77. Ke2 f5 78. Bg5 Rc8 79. Bf6+ Kg8 
80. Rd8+ Rxd8 81. Bxd8 Kf7 82. Bc7 e4 83. Bxf4 Ke8 84. Ke3 exf3 85. gxf3 Kd7 
86. Be5 Ke7 87. Kf4 Ke6 88. Ba1 Kd6 89. Kxf5 Kc5 90. Ke4 Kd6 91. f4 Kc5 
92. Be5 Kb5 93. f5 Kc6 94. f6 Kd7 95. Kd5 Ke8 96. Ke6 Kd8 97. f7 Kc8 98. Kd5 Kb7 
99. f8=Q Kb6 100. Qb8+ Ka5 101. Kc5 Ka4 102. Qb4# 1-0

[Event "Sunday 14 January Rapid Engine Tour 12+1 Rounds 9 Starts 1600 ST"]
[Site "Infinity Chess"]
[Date "2018.1.14"]
[Round "9"]
[White "ocirema"]
[Black "Dovahkiin"]
[Result "1-0"]
[ECO "B04"]
[WhiteElo "2426"]
[BlackElo "2416"]
[WhiteEngine "stockfish_18011309_x64_modern_CTG"]
[BlackEngine "BrainFish_180106_x64_modern_CTG"]
[EventType "Swiss"]
[WhiteTeam ""]
[BlackTeam ""]
[PlyCount "34"]
[TimeControl "720+1"]

1. e4 Nf6 2. e5 Nd5 3. d4 d6 4. Nf3 dxe5 5. Nxe5 g6 6. c4 Nb6 7. Be3 Bg7 
8. Nc3 c5 9. h4 Be6 10. Nf3 cxd4 11. Nxd4 Bxd4 12. Qxd4 Qxd4 13. Bxd4 O-O 
14. b3 Rd8 15. Be3 Nc6 16. Be2 Nd7 17. O-O-O Nde5 1-0

[Event "Sunday 14 January Rapid Engine Tour 12+1 Rounds 9 Starts 1600 ST"]
[Site "Infinity Chess"]
[Date "2018.1.14"]
[Round "9"]
[White "ivrdurant"]
[Black "angriff"]
[Result "1/2-1/2"]
[ECO "B00"]
[WhiteElo "2414"]
[BlackElo "2448"]
[WhiteEngine "Raubfisch X37b1._CTG"]
[BlackEngine "SF_64BIT_POPCNT_CTG"]
[EventType "Swiss"]
[WhiteTeam ""]
[BlackTeam ""]
[PlyCount "76"]
[TimeControl "720+1"]

1. e4 Nc6 2. Nf3 e5 3. Bc4 Bc5 4. O-O Nf6 5. d3 d6 6. c3 O-O 7. h3 a5 8. Re1 h6 
9. Nbd2 Be6 10. Bb5 Qb8 11. Nf1 Qa7 12. Re2 a4 13. Ng3 Qa5 14. Bxc6 bxc6 
15. Nh4 Rfe8 16. Re1 d5 17. exd5 Nxd5 18. Nhf5 Qb6 19. Qf3 Nf4 20. d4 Bf8 
21. dxe5 Ng6 22. Qh5 Ra5 23. Nd4 Bc5 24. Qd1 Rd8 25. Re4 Bd5 26. Re1 Be6 
27. Bd2 Raa8 28. Be3 Qxb2 29. Ne4 Bb6 30. Qf3 Nxe5 31. Qg3 Bxd4 32. Bxd4 Ng6 
33. Nc5 Bxa2 34. Nd3 Qd2 35. Red1 Qe2 36. Re1 Qd2 37. Red1 Qe2 38. Re1 Qd2 
1/2-1/2

[Event "Sunday 14 January Rapid Engine Tour 12+1 Rounds 9 Starts 1600 ST"]
[Site "Infinity Chess"]
[Date "2018.1.14"]
[Round "9"]
[White "beka"]
[Black "Susanne"]
[Result "1/2-1/2"]
[ECO "E15"]
[WhiteElo "2433"]
[BlackElo "2474"]
[WhiteEngine "stockfish_18011309_x64_CTG"]
[BlackEngine "asmFishW_2018-01-12_bmi2_CTG"]
[EventType "Swiss"]
[WhiteTeam ""]
[BlackTeam ""]
[PlyCount "181"]
[TimeControl "720+1"]

1. d4 Nf6 2. c4 e6 3. Nf3 b6 4. g3 Be7 5. Bg2 Bb7 6. O-O O-O 7. Re1 d5 
8. cxd5 exd5 9. Nc3 Nbd7 10. Bf4 c5 11. h4 Ne4 12. Nd2 Nxc3 13. bxc3 Nf6 
14. Qb3 Rc8 15. a4 Bc6 16. Nf3 Bd7 17. Ne5 Be6 18. Qb5 Ne4 19. Nc6 Qd7 
20. Nxe7+ Qxe7 21. Bxe4 dxe4 22. a5 cxd4 23. axb6 axb6 24. cxd4 Qd8 25. Rad1 Re8 
26. Qb4 Rc4 27. Qb5 Rc8 28. Qb4 Bd5 29. Rc1 Re6 30. Qb5 Rec6 31. Rxc6 Rxc6 
32. Ra1 h6 33. Ra7 g5 34. hxg5 hxg5 35. Rc7 gxf4 36. Rxc6 Bxc6 37. Qxc6 Qxd4 
38. Qc8+ Kg7 39. Qg4+ Kf8 40. Qxf4 Qd1+ 41. Kg2 Qxe2 42. Qh6+ Ke7 43. Qxb6 Qf3+ 
44. Kh2 Qh5+ 45. Kg1 Qd1+ 46. Kh2 Qh5+ 47. Kg1 Qg4 48. Qb7+ Kf6 49. Qb3 Kg6 
50. Kg2 f6 51. Qg8+ Kf5 52. Qh7+ Ke6 53. Qc7 Qf3+ 54. Kg1 Qd1+ 55. Kg2 f5 
56. Qc8+ Kf6 57. Qc6+ Ke5 58. Kh2 Qh5+ 59. Kg1 Qf3 60. Qd7 Kf6 61. Qd6+ Kg7 
62. Qc6 Qd1+ 63. Kg2 Qh5 64. Qd6 Kh7 65. Kg1 Kg7 66. Qc7+ Kf6 67. Qd8+ Ke5 
68. Qe7+ Kd4 69. Qg7+ Kd3 70. Qc7 Qd1+ 71. Kg2 Qf3+ 72. Kg1 Ke2 73. Qc5 Kd3 
74. Qb6 Qh5 75. Qc6 Qf3 76. Qd5+ Ke2 77. Qc5 Kd2 78. Qb6 Ke1 79. Qb2 Qd1 
80. Kg2 Qf3+ 81. Kg1 Qd1 82. Qb5 Kd2+ 83. Kg2 Qf3+ 84. Kg1 e3 85. Qb2+ Kd3 
86. Qb3+ Ke2 87. Qc2+ Ke1 88. Qb1+ Kd2 89. Qb2+ Kd3 90. Qb1+ Kd2 91. Qb2+ 
1/2-1/2

[Event "Sunday 14 January Rapid Engine Tour 12+1 Rounds 9 Starts 1600 ST"]
[Site "Infinity Chess"]
[Date "2018.1.14"]
[Round "9"]
[White "Satria_Ungu"]
[Black "THE_MACHINE"]
[Result "0-1"]
[ECO "A05"]
[WhiteElo "2437"]
[BlackElo "2475"]
[WhiteEngine "Houdini 6"]
[BlackEngine "Houdini 6"]
[EventType "Swiss"]
[WhiteTeam ""]
[BlackTeam ""]
[PlyCount "226"]
[TimeControl "720+1"]

1. Nf3 Nf6 2. d4 d5 3. e3 c5 4. c4 cxd4 5. exd4 g6 6. cxd5 Nxd5 7. Qb3 Bg7 
8. Bc4 e6 9. Nc3 Nxc3 10. Qxc3 Nc6 11. Bg5 Qd6 12. O-O O-O 13. Rfd1 b6 
14. Qe3 Bb7 15. Rac1 Nb4 16. Bf4 Qd8 17. Bg5 Nd5 18. Bxd8 Nxe3 19. fxe3 Rfxd8 
20. Rc2 Be4 21. Rcc1 Rac8 22. Kf2 Bb7 23. Be2 Bf6 24. a3 Kg7 25. g3 g5 
26. h3 Be7 27. Ne5 f6 28. Nd3 Be4 29. Nb4 Bd6 30. Bf3 Rxc1 31. Rxc1 Bg6 
32. Bb7 Bf7 33. Rc3 h5 34. Ba6 h4 35. gxh4 gxh4 36. Nc6 Rg8 37. Be2 a5 
38. Rb3 Bg3+ 39. Kf1 Bc7 40. Rc3 Bh2 41. Ne7 Rb8 42. Nc6 Rc8 43. Ba6 Rg8 
44. Ne7 Rd8 45. Nc6 Rd5 46. Bd3 Be8 47. Be4 Rb5 48. Rc2 Bg3 49. Nd8 Bd7 
50. Bc6 Bxc6 51. Nxc6 Kf7 52. b4 Rf5+ 53. Kg2 a4 54. Na7 Rg5 55. Nc8 b5 
56. Rc6 Ke8 57. Nb6 Ke7 58. Kf3 Bh2 59. Ke2 Kf7 60. Kd3 Rg1 61. Rc5 Rg3 
62. Rxb5 Rxh3 63. Rh5 Bf4 64. Nc4 Bg3 65. Nd2 Rh1 66. Rh7+ Kg6 67. Rh8 Kg7 
68. Rh5 Bd6 69. Ne4 Bf8 70. Nf2 Rh2 71. Ke2 Bd6 72. Kf1 Kg6 73. Rh8 Bg3 
74. Ne4 Ra2 75. Nxg3 hxg3 76. Rg8+ Kf5 77. Rxg3 Ke4 78. Ke1 f5 79. Rh3 Rxa3 
80. Rh4+ Kd3 81. d5 exd5 82. Kf2 Rb3 83. Rd4+ Kc3 84. Ke2 Rb2+ 85. Kf3 Rxb4 
86. Rd1 a3 87. Ra1 Kb2 88. Rd1 f4 89. Rd2+ Kc3 90. Rd1 a2 91. Rc1+ Kd2 
92. Rh1 fxe3 93. Rh2+ e2 94. Rh1 a1=Q 95. Rd1+ Qxd1 96. Kg2 d4 97. Kg3 d3 
98. Kg2 e1=Q 99. Kh3 Qg3+ 100. Kxg3 Rg4+ 101. Kh2 Rg3 102. Kxg3 Qf3+ 
103. Kxf3 Kc1 104. Kf4 d2 105. Kf5 d1=Q 106. Ke6 Kd2 107. Kd7 Ke3+ 108. Ke6 Ke4 
109. Kf6 Qd6+ 110. Kg7 Qe7+ 111. Kg6 Kf4 112. Kh6 Kf5 113. Kh5 Qg5# 0-1

[Event "Sunday 14 January Rapid Engine Tour 12+1 Rounds 9 Starts 1600 ST"]
[Site "Infinity Chess"]
[Date "2018.1.14"]
[Round "9"]
[White "Vimtiroba"]
[Black "incredible"]
[Result "1/2-1/2 "]
[ECO "A50"]
[WhiteElo "2474"]
[BlackElo "2454"]
[WhiteEngine "Corchess 2.0_CTG"]
[BlackEngine "Stockfish_x64_bmi2"]
[EventType "Swiss"]
[WhiteTeam ""]
[BlackTeam ""]
[PlyCount "257"]
[TimeControl "720+1"]

1. d4 Nf6 2. c4 b6 3. Nf3 Bb7 4. g3 e6 5. Bg2 c6 6. Nfd2 d5 7. O-O Qd7 8. Nc3 c5 
9. Nf3 cxd4 10. Qxd4 Nc6 11. Qh4 Be7 12. Rd1 Qc8 13. Bg5 dxc4 14. Nb5 O-O 
15. Nd6 Bxd6 16. Bxf6 gxf6 17. Rxd6 Rd8 18. Rd2 Rxd2 19. Nxd2 Qd8 20. Qh6 f5 
21. Nxc4 Rc8 22. Ne3 Rc7 23. g4 Nd4 24. Bxb7 Rxb7 25. Kf1 Rd7 26. Rc1 f6 
27. gxf5 Nxf5 28. Nxf5 exf5 29. Rc3 Rg7 30. Rd3 Qc7 31. Rd1 Rg6 32. Qh3 Qc6 
33. Qf3 Qxf3 34. exf3 Rg7 35. Rd5 Rc7 36. Rxf5 Kf7 37. Rb5 Rc1+ 38. Kg2 Ra1 
39. a3 Kg6 40. Rd5 Rb1 41. Rd2 Kg5 42. Rd5+ Kg6 43. Rb5 Ra1 44. Rb4 Rb1 
45. a4 Re1 46. Rg4+ Kf7 47. Rf4 Rb1 48. Rc4 Rxb2 49. Rc7+ Kg6 50. Rxa7 Rb3 
51. Kg3 Kh6 52. Rb7 Rb4 53. h3 Kg6 54. h4 Rxa4 55. Rxb6 h5 56. Rc6 Ra7 
57. Rb6 Ra4 58. Rb5 Ra3 59. Rc5 Ra4 60. Rc3 Kf5 61. Rc5+ Kg6 62. Rc6 Rd4 
63. Ra6 Kf5 64. Ra5+ Kg6 65. Ra6 Rb4 66. Rd6 Ra4 67. Rb6 Ra2 68. Rb8 Ra1 
69. Kh3 Rh1+ 70. Kg3 Rg1+ 71. Kh2 Ra1 72. Rb4 Ra3 73. Kg3 Ra1 74. Kf4 Ra2 
75. Kg3 Kf7 76. Rb5 Kg6 77. Kg2 Ra6 78. Rc5 Ra4 79. Kg3 Ra3 80. Rc7 Ra8 
81. Re7 Ra4 82. Re4 Ra1 83. Rd4 Ra3 84. Kf4 Ra2 85. Kg3 Ra1 86. Rc4 Ra2 
87. Rc6 Ra1 88. Rc2 Rg1+ 89. Kh2 Rb1 90. Rc6 Rb2 91. Kg2 Kf5 92. Rc7 Ra2 
93. Kg3 Ra4 94. Rd7 Ra3 95. Rd4 Ra8 96. Kh2 Ra1 97. Rd5+ Kf4 98. Kg2 Ra4 
99. Rxh5 Ra8 100. Rc5 Rg8+ 101. Kh3 Kxf3 102. Rf5+ Ke4 103. Rxf6 Ke5 
104. Rf7 Ke6 105. Rf3 Rh8 106. Kg4 Rg8+ 107. Kh3 Rh8 108. Kg4 Rg8+ 109. Kf4 Rh8 
110. Rh3 Rf8+ 111. Kg3 Kf6 112. h5 Kg7 113. h6+ Kh7 114. Rh4 Rg8+ 115. Kf4 Rg1 
116. f3 Ra1 117. Rh3 Ra4+ 118. Kg5 Ra5+ 119. Kg4 Ra1 120. Kg5 Ra3 121. Kg4 Ra7 
122. Rh1 Ra6 123. Rh2 Ra1 124. Kf4 Ra3 125. Rh3 Ra1 126. Rh2 Rb1 127. Kg3 Ra1 
128. Kg4 Ra5 129. Kf4 1/2-1/2

[Event "Sunday 14 January Rapid Engine Tour 12+1 Rounds 9 Starts 1600 ST"]
[Site "Infinity Chess"]
[Date "2018.1.14"]
[Round "9"]
[White "KRAKEN"]
[Black "Thinker"]
[Result "1/2-1/2"]
[ECO "E10"]
[WhiteElo "2484"]
[BlackElo "2463"]
[WhiteEngine "Raubfisch ME262_GTZ16b2_CTG"]
[BlackEngine "BrainFish_180106_x64_modern_CTG"]
[EventType "Swiss"]
[WhiteTeam ""]
[BlackTeam ""]
[PlyCount "119"]
[TimeControl "720+1"]

1. d4 Nf6 2. c4 e6 3. Nf3 d5 4. Nc3 Be7 5. Bg5 h6 6. Bh4 O-O 7. e3 b6 8. Be2 Bb7 
9. Bxf6 Bxf6 10. cxd5 exd5 11. O-O Re8 12. Qc2 c6 13. Rad1 Na6 14. Rfe1 Nc7 
15. e4 g6 16. Bf1 Bg7 17. e5 Bc8 18. Ne2 Bd7 19. Nf4 Qe7 20. Rc1 Rec8 21. g3 Ne6 
22. Nxe6 Bxe6 23. Rcd1 Rc7 24. Nh4 c5 25. dxc5 Rxc5 26. Qd3 Rac8 27. Qd4 h5 
28. a3 Rc2 29. Ba6 R8c7 30. Bd3 R2c6 31. Kg2 Qc5 32. Nf3 Bg4 33. Be2 Bxf3+ 
34. Bxf3 Qxd4 35. Rxd4 Re6 36. Rxd5 Rce7 37. Rd8+ Kh7 38. b3 Rxe5 39. Rxe5 Bxe5 
40. Bd5 Bc7 41. Ra8 Bd6 42. b4 Rc7 43. f3 Rd7 44. Bc6 Rc7 45. Bd5 Rc2+ 
46. Kf1 Rc7 47. Ke2 h4 48. f4 Kg7 49. Kd3 a5 50. bxa5 Rc5 51. Bf3 Rxa5 
52. Rxa5 bxa5 53. a4 f5 54. Kc4 Kf6 55. Kb5 hxg3 56. hxg3 Bb4 57. g4 Bd2 
58. Be2 fxg4 59. Bxg4 Bxf4 60. Kxa5 1/2-1/2

[Event "Sunday 14 January Rapid Engine Tour 12+1 Rounds 9 Starts 1600 ST"]
[Site "Infinity Chess"]
[Date "2018.1.14"]
[Round "9"]
[White "Neoxium"]
[Black "Marsell"]
[Result "1/2-1/2"]
[ECO "A00"]
[WhiteElo "2460"]
[BlackElo "2489"]
[WhiteEngine "SF SL FA-IDeA"]
[BlackEngine "asmFishW_2018-01-11_popcnt"]
[EventType "Swiss"]
[WhiteTeam ""]
[BlackTeam ""]
[PlyCount "80"]
[TimeControl "720+1"]

1. g3 d5 2. Nf3 Nf6 3. Bg2 c6 4. b3 Bg4 5. h3 Bh5 6. Bb2 e6 7. O-O Nbd7 
8. d3 Be7 9. g4 Bg6 10. Nh4 Bd6 11. e3 h6 12. Nxg6 fxg6 13. Nd2 g5 14. Qe2 Qe7 
15. e4 dxe4 16. Nxe4 Nxe4 17. Bxe4 O-O-O 18. Rfe1 Bc7 19. Bg2 Rhe8 20. a4 Qd6 
21. Qe3 Qh2+ 22. Kf1 Bb6 23. Bd4 Bxd4 24. Qxd4 Nf6 25. Qxa7 Nd5 26. Qc5 Nf4 
27. Bxc6 bxc6 28. Qxc6+ Kb8 29. Qb6+ Kc8 30. Qc6+ Kb8 31. Qb6+ Kc8 32. Qa6+ Kc7 
33. Qa7+ Kc8 34. Qc5+ Kb7 35. Qb4+ Ka6 36. Qb5+ Ka7 37. Qc5+ Ka6 38. Qb5+ Ka7 
39. Qa5+ Kb8 40. Qb5+ Ka7 1/2-1/2

[Event "Sunday 14 January Rapid Engine Tour 12+1 Rounds 9 Starts 1600 ST"]
[Site "Infinity Chess"]
[Date "2018.1.14"]
[Round "9"]
[White "RonWeasley"]
[Black "xeonrocks"]
[Result "1/2-1/2"]
[ECO "C53"]
[WhiteElo "2458"]
[BlackElo "2526"]
[WhiteEngine "BrainFish 060118_CTG"]
[BlackEngine "asmFishW_bmi2.exe_CTG"]
[EventType "Swiss"]
[WhiteTeam ""]
[BlackTeam ""]
[PlyCount "146"]
[TimeControl "720+1"]

1. e4 e5 2. Nf3 Nc6 3. Bc4 Bc5 4. c3 Nf6 5. d3 d6 6. Bb3 a5 7. O-O O-O 8. a4 h6 
9. Nbd2 Ne7 10. Qc2 c6 11. h3 Re8 12. Nc4 Ng6 13. Re1 Be6 14. Be3 Bxe3 
15. Rxe3 Nf4 16. d4 b5 17. Ncd2 Bd7 18. Ne1 Qc7 19. Nd3 Nxd3 20. Qxd3 Nh5 
21. axb5 cxb5 22. Nf3 a4 23. Bd1 Nf4 24. Qd2 Be6 25. Be2 Nxe2+ 26. Qxe2 Bc4 
27. Qd1 Kh7 28. Nd2 exd4 29. cxd4 Be6 30. Rc1 Qb8 31. Ra1 Bd7 32. b3 Rc8 
33. Nf1 Qc7 34. Rf3 Qc2 35. Qxc2 Rxc2 36. bxa4 Rxa4 37. Rd1 Kg8 38. Ne3 Re2 
39. e5 dxe5 40. dxe5 Be6 41. Rb1 Ra5 42. g4 Rd2 43. Kh2 Rd4 44. Nf5 Rda4 
45. Kg3 Ra1 46. Rb4 Kh7 47. Nd6 Bd5 48. Rd3 R5a3 49. Rxa3 Rxa3+ 50. Kh2 Rf3 
51. Rxb5 Rxf2+ 52. Kg3 Rf3+ 53. Kh2 Be6 54. Kg2 Rd3 55. Ra5 Bb3 56. Nf5 Be6 
57. Nd6 Kg6 58. Ne8 Bd5+ 59. Kh2 Rd2+ 60. Kg3 Rd3+ 61. Kh2 Bc4 62. Nc7 Rd2+ 
63. Kg3 Bb3 64. Ra6+ Kh7 65. e6 fxe6 66. Nxe6 Bxe6 67. Rxe6 Rd3+ 68. Kg2 h5 
69. gxh5 Rd5 70. h4 Rxh5 71. Kg3 Rc5 72. Ra6 g6 73. Kf2 Rf5+ 1/2-1/2

[Event "Sunday 14 January Rapid Engine Tour 12+1 Rounds 9 Starts 1600 ST"]
[Site "Infinity Chess"]
[Date "2018.1.14"]
[Round "8"]
[White "Murx"]
[Black "OlivierEvan"]
[Result "1/2-1/2"]
[ECO "D85"]
[WhiteElo "2492"]
[BlackElo "2369"]
[WhiteEngine "BrainFish_171226_x64_modern"]
[BlackEngine "Houdini 6"]
[EventType "Swiss"]
[WhiteTeam ""]
[BlackTeam ""]
[PlyCount "109"]
[TimeControl "720+1"]

1. d4 Nf6 2. c4 g6 3. Nc3 d5 4. cxd5 Nxd5 5. e4 Nxc3 6. bxc3 Bg7 7. Nf3 c5 
8. h3 O-O 9. Be3 Nc6 10. Bc4 b5 11. Be2 cxd4 12. cxd4 Qa5+ 13. Bd2 Qa3 
14. Be3 Qb4+ 15. Kf1 Rd8 16. Rb1 Qa3 17. Bxb5 Nxd4 18. Nxd4 Bxd4 19. Bxd4 e5 
20. Qf3 Qxf3 21. gxf3 exd4 22. Bc4 Bd7 23. Kg2 Rac8 24. Bb3 Rc5 25. Rhd1 Bb5 
26. Bd5 d3 27. Kg3 Kg7 28. h4 Ba6 29. Rb3 Rd6 30. Ra3 Rc2 31. Ra4 h5 32. Bb3 Rb2 
33. e5 Rc6 34. Bd5 Rcb6 35. Rf4 f6 36. e6 Rd6 37. Bb3 Bb5 38. e7 Be8 39. Rc4 Re2 
40. Re4 Rd7 41. Rxd3 Rxe7 42. Rxe7+ Rxe7 43. Rd6 Rc7 44. Rd8 Bf7 45. Bxf7 Kxf7 
46. Rd5 a6 47. Rd6 a5 48. Rd5 a4 49. Ra5 Rc4 50. Ra7+ Ke6 51. Ra6+ Kf5 
52. Ra5+ Ke6 53. Ra6+ Kf5 54. Ra5+ Ke6 55. Ra6+ 1/2-1/2

[Event "Sunday 14 January Rapid Engine Tour 12+1 Rounds 9 Starts 1600 ST"]
[Site "Infinity Chess"]
[Date "2018.1.14"]
[Round "8"]
[White "ivrdurant"]
[Black "CoffeeOne"]
[Result "1/2-1/2"]
[ECO "C50"]
[WhiteElo "2412"]
[BlackElo "2464"]
[WhiteEngine "Raubfisch X37b1._CTG"]
[BlackEngine "Houdini 6"]
[EventType "Swiss"]
[WhiteTeam ""]
[BlackTeam ""]
[PlyCount "73"]
[TimeControl "720+1"]

1. e4 e5 2. Nf3 Nc6 3. Bc4 Bc5 4. O-O Nf6 5. d3 d6 6. c3 O-O 7. Bg5 h6 8. Bh4 a6 
9. Nbd2 Ba7 10. Bb3 g5 11. Bg3 Na5 12. Ba4 Nh5 13. b4 Nxg3 14. hxg3 Nc6 
15. Bxc6 bxc6 16. Nb3 Re8 17. Qd2 Bg4 18. c4 c5 19. bxc5 Bxc5 20. Nxc5 dxc5 
21. Nh2 Be6 22. Rfd1 Rb8 23. Nf1 Qd4 24. Ne3 Rb2 25. Qa5 Reb8 26. Qxc7 R8b7 
27. Qa5 Rxf2 28. Kxf2 Rb2+ 29. Rd2 Rxd2+ 30. Qxd2 Qxa1 31. Ke2 h5 32. Nd5 Bg4+ 
33. Kf2 Qd4+ 34. Kf1 Qa1+ 35. Kf2 Qd4+ 36. Kf1 Qa1+ 37. Kf2 1/2-1/2

[Event "Sunday 14 January Rapid Engine Tour 12+1 Rounds 9 Starts 1600 ST"]
[Site "Infinity Chess"]
[Date "2018.1.14"]
[Round "8"]
[White "hafaba"]
[Black "miguello"]
[Result "1/2-1/2"]
[ECO "A00"]
[WhiteElo "2397"]
[BlackElo "2403"]
[WhiteEngine "Stockfish SL 07012018 POPCNT_CTG"]
[BlackEngine "stockfish_18011309_x64_modern_CTG"]
[EventType "Swiss"]
[WhiteTeam ""]
[BlackTeam ""]
[PlyCount "77"]
[TimeControl "720+1"]

1. e3 e5 2. d4 exd4 3. exd4 Nf6 4. Bd3 d5 5. Nf3 Bd6 6. O-O O-O 7. Bg5 c6 
8. Nbd2 h6 9. Bh4 Bg4 10. c4 Nbd7 11. c5 Bf4 12. Re1 Qc7 13. Qc2 b6 14. Re7 Qd8 
15. Ree1 Qc7 16. Bxf6 Nxf6 17. a3 a5 18. h3 Bd7 19. cxb6 Qxb6 20. Nb3 Rab8 
21. Nc5 Qxb2 22. Nxd7 Nxd7 23. Bh7+ Kh8 24. Qf5 Bd2 25. Rab1 Qc3 26. Rxb8 Rxb8 
27. Rd1 Nf6 28. Rxd2 Nxh7 29. Rc2 Qxa3 30. Rxc6 Kg8 31. Ne5 Nf6 32. Rc8+ Rxc8 
33. Qxc8+ Qf8 34. Qa6 Qb4 35. Qc8+ Kh7 36. Qf5+ Kg8 37. Qc8+ Kh7 38. Qf5+ Kg8 
39. Qc8+ 1/2-1/2

[Event "Sunday 14 January Rapid Engine Tour 12+1 Rounds 9 Starts 1600 ST"]
[Site "Infinity Chess"]
[Date "2018.1.14"]
[Round "8"]
[White "Dovahkiin"]
[Black "beka"]
[Result "1/2-1/2"]
[ECO "D00"]
[WhiteElo "2415"]
[BlackElo "2434"]
[WhiteEngine "BrainFish_180106_x64_modern_CTG"]
[BlackEngine "stockfish_18011309_x64_CTG"]
[EventType "Swiss"]
[WhiteTeam ""]
[BlackTeam ""]
[PlyCount "89"]
[TimeControl "720+1"]

1. d4 d5 2. Bf4 Nf6 3. e3 c5 4. c3 e6 5. Nd2 Nc6 6. Bd3 Bd6 7. dxc5 Bxc5 
8. Ngf3 O-O 9. O-O Re8 10. Bg5 h6 11. Bh4 Be7 12. Qc2 Bd7 13. Rad1 Rc8 
14. Qb1 Nh5 15. Bxe7 Nxe7 16. c4 Nf6 17. cxd5 Nexd5 18. Rc1 Rxc1 19. Rxc1 Qb8 
20. a3 Ne7 21. b4 Bc6 22. Nd4 Bd5 23. Be2 Rd8 24. h3 a6 25. Bc4 Nd7 26. Bd3 Ne5 
27. Bh7+ Kf8 28. Be4 Rc8 29. Rxc8+ Qxc8 30. Qc2 Bxe4 31. Qxe4 Nd7 32. N4b3 Nd5 
33. Qd4 Qc7 34. f3 Qg3 35. Nf1 Qc7 36. Kf2 b6 37. Nfd2 Nc3 38. Qd3 Ke7 
39. Qxa6 Nd1+ 40. Ke2 Qc2 41. a4 Nc3+ 42. Kf2 Nd1+ 43. Ke2 Nc3+ 44. Kf2 Nd1+ 
45. Ke2 1/2-1/2

[Event "Sunday 14 January Rapid Engine Tour 12+1 Rounds 9 Starts 1600 ST"]
[Site "Infinity Chess"]
[Date "2018.1.14"]
[Round "8"]
[White "Thinker"]
[Black "IronMan"]
[Result "1-0"]
[ECO "C41"]
[WhiteElo "2449"]
[BlackElo "2391"]
[WhiteEngine "BrainFish_180106_x64_modern_CTG"]
[BlackEngine "Stockfish SL FA PB BMI2"]
[EventType "Swiss"]
[WhiteTeam ""]
[BlackTeam ""]
[PlyCount "113"]
[TimeControl "720+1"]

1. e4 e5 2. Nf3 d6 3. d4 exd4 4. Nxd4 Be7 5. Nc3 Nf6 6. Bf4 O-O 7. Qd2 Nc6 
8. O-O-O Nxd4 9. Qxd4 Be6 10. Kb1 a6 11. f3 b5 12. g4 c5 13. Qd2 b4 14. Nd5 Nxd5 
15. exd5 Bd7 16. h4 Bb5 17. g5 Bxf1 18. Rhxf1 Re8 19. h5 Bf8 20. h6 g6 
21. Rde1 Qd7 22. Re4 a5 23. Rfe1 a4 24. Qe3 Rxe4 25. fxe4 Re8 26. Qf3 Be7 
27. a3 Rf8 28. axb4 cxb4 29. Bd2 Qb7 30. c4 a3 31. b3 Qb6 32. Be3 Qd8 
33. Qg4 Qc8 34. Qxc8 Rxc8 35. Bd2 Rb8 36. Bf4 Rd8 37. Bd2 Rb8 38. e5 dxe5 
39. Be3 Rc8 40. Rc1 Rd8 41. Rd1 f5 42. gxf6 Bxf6 43. Ka2 Bh4 44. Bc5 Rb8 
45. Rf1 e4 46. Rf4 Bg5 47. Rxe4 Kf7 48. Re1 Bxh6 49. Bd6 Rd8 50. Rf1+ Ke8 
51. Bxb4 Bg5 52. Rf8+ Kd7 53. Rf7+ Kc8 54. Rxh7 Rd7 55. Rh8+ Rd8 56. Rxd8+ Kxd8 
57. Kxa3 1-0

[Event "Sunday 14 January Rapid Engine Tour 12+1 Rounds 9 Starts 1600 ST"]
[Site "Infinity Chess"]
[Date "2018.1.14"]
[Round "8"]
[White "Neoxium"]
[Black "ocirema"]
[Result "1/2-1/2"]
[ECO "A05"]
[WhiteElo "2462"]
[BlackElo "2424"]
[WhiteEngine "SF SL FA-IDeA"]
[BlackEngine "stockfish_18011309_x64_modern_CTG"]
[EventType "Swiss"]
[WhiteTeam ""]
[BlackTeam ""]
[PlyCount "75"]
[TimeControl "720+1"]

1. Nf3 Nf6 2. d4 d5 3. e3 c5 4. a3 cxd4 5. exd4 Bg4 6. h3 Bxf3 7. Qxf3 Nc6 
8. c3 e6 9. Bg5 h6 10. Bxf6 Qxf6 11. Qxf6 gxf6 12. Nd2 Bd6 13. g3 h5 14. Nf3 f5 
15. O-O-O f4 16. gxf4 Bxf4+ 17. Kb1 Rd8 18. Be2 Ke7 19. Ne1 Rdg8 20. Nd3 Bd6 
21. Kc2 f6 22. Rhg1 Rxg1 23. Rxg1 Kf7 24. a4 b6 25. Ne1 Bh2 26. Rg2 Bd6 
27. Nd3 Ne7 28. Rg1 Nc6 29. Bf3 Ne7 30. Re1 Bc7 31. Rd1 Bd6 32. Re1 a5 
33. b3 Nf5 34. Kd2 Nh4 35. Bd1 Nf5 36. Bf3 Nh4 37. Bd1 Nf5 38. Bf3 1/2-1/2

[Event "Sunday 14 January Rapid Engine Tour 12+1 Rounds 9 Starts 1600 ST"]
[Site "Infinity Chess"]
[Date "2018.1.14"]
[Round "8"]
[White "angriff"]
[Black "Susanne"]
[Result "1/2-1/2"]
[ECO "B32"]
[WhiteElo "2447"]
[BlackElo "2475"]
[WhiteEngine "SF_64BIT_POPCNT_CTG"]
[BlackEngine "asmFishW_2018-01-12_bmi2_CTG"]
[EventType "Swiss"]
[WhiteTeam ""]
[BlackTeam ""]
[PlyCount "73"]
[TimeControl "720+1"]

1. e4 c5 2. Nf3 Nc6 3. d4 cxd4 4. Nxd4 e5 5. Nb5 d6 6. c4 Nf6 7. N1c3 a6 
8. Na3 Be6 9. Nc2 Rc8 10. Be2 g6 11. O-O Bg7 12. Bg5 h6 13. Be3 O-O 14. f3 Ne7 
15. b3 Nh5 16. a4 f5 17. Qd2 Nf4 18. Rad1 Nc6 19. exf5 gxf5 20. Rfe1 Nxe2+ 
21. Qxe2 Na5 22. Na1 Nc6 23. Nc2 Na5 24. Na1 Nc6 25. Qf2 Rf6 26. Nc2 Qf8 
27. Bb6 Rg6 28. Kh1 Kh7 29. f4 Re8 30. Ne2 Bd7 31. a5 Qf7 32. Rf1 Ne7 
33. Nb4 Nc6 34. Nc2 Ne7 35. Nb4 Nc6 36. Nd5 Ne7 37. Nb4 1/2-1/2

[Event "Sunday 14 January Rapid Engine Tour 12+1 Rounds 9 Starts 1600 ST"]
[Site "Infinity Chess"]
[Date "2018.1.14"]
[Round "8"]
[White "incredible"]
[Black "THE_MACHINE"]
[Result "1/2-1/2"]
[ECO "D31"]
[WhiteElo "2453"]
[BlackElo "2476"]
[WhiteEngine "Stockfish_x64_bmi2"]
[BlackEngine "Houdini 6"]
[EventType "Swiss"]
[WhiteTeam ""]
[BlackTeam ""]
[PlyCount "176"]
[TimeControl "720+1"]

1. d4 d5 2. c4 e6 3. Nc3 c6 4. Nf3 Nf6 5. Bg5 h6 6. Bxf6 Qxf6 7. e3 Nd7 
8. Bd3 dxc4 9. Bxc4 g6 10. O-O Bg7 11. e4 e5 12. d5 Nb6 13. Nd2 O-O 14. Bb3 h5 
15. Qe2 Bg4 16. f3 Bd7 17. Qf2 Rfd8 18. Kh1 Be8 19. a4 Nc8 20. a5 Nd6 21. a6 b6 
22. dxc6 Bxc6 23. Bd5 Rac8 24. Bxc6 Rxc6 25. Ndb1 Qe6 26. Rd1 Rdc8 27. Qe2 Bh6 
28. Na3 Kg7 29. Qd3 Bg5 30. h3 Qe7 31. Nd5 Qe8 32. Nc3 h4 33. Rab1 Rc5 
34. Nd5 Rd8 35. b4 Rc6 36. Ra1 Rcc8 37. Qe2 Kh6 38. Kg1 Qd7 39. Qb2 Qe6 
40. Qf2 Rd7 41. Rd3 Ne8 42. Rad1 Nf6 43. Nb5 Nh5 44. Qe1 Qe8 45. Rc3 Qd8 
46. Kh2 Bf4+ 47. Kg1 Kg7 48. Qf2 Rxc3 49. Nbxc3 Bg5 50. Kh2 Qc8 51. Qa2 Bf4+ 
52. Kg1 Bh6 53. Kh2 Rd8 54. Ne2 Nf4 55. Nexf4 Bxf4+ 56. Kh1 Bg3 57. Qe2 Qc6 
58. b5 Qc5 59. Qd3 Rc8 60. Qe2 Qc4 61. Qxc4 Rxc4 62. Kg1 f5 63. Ne3 Rc5 
64. Rd7+ Kf6 65. Rxa7 fxe4 66. fxe4 Rxb5 67. Kf1 Ra5 68. Ke2 Ra2+ 69. Kd3 Ra3+ 
70. Ke2 Ra2+ 71. Kd1 Kg5 72. Nd5 Bf2 73. Rf7 b5 74. Kc1 Bg1 75. Nc7 Kh6 
76. Kb1 Rxg2 77. Nxb5 Rg3 78. a7 Bxa7 79. Nxa7 Rxh3 80. Nc6 Re3 81. Nxe5 Rxe4 
82. Re7 Rb4+ 83. Kc1 g5 84. Re6+ Kh5 85. Re7 g4 86. Rh7+ Kg5 87. Nf7+ Kf4 
88. Rxh4 Kf5 1/2-1/2